 Dungeon Crawl Stone Soup version 0.30-a0-54-g2e61a25929 (webtiles) character file.

Game seed: 2891231848447450068

1332 Conn the Firebug (level 8, -15/48 HPs)
             Began as an Octopode Fire Elementalist on Sept 7, 2022.
             Killed by an exploding kobold brigand (37 damage)
             ... ignited by their inner flame
             ... on level 5 of the Dungeon.
             The game lasted 00:12:43 (4786 turns).

Conn the Firebug (Octopode Fire Elementalist)       Turns: 4786, Time: 00:12:43

Health: -15/48     AC:  1    Str:  8    XL:     8   Next: 61%
Magic:  15/15      EV: 14    Int: 19    God:
Gold:   305        SH:  0    Dex: 12    Spells: 3/17 levels left

rFire   . . .      SeeInvis .    t - +2 rapier
rCold   . . .      Faith    .    (no shield)
rNeg    . . .      Spirit   .    (helmet restricted)
rPois   .          Reflect  .    p - amulet of magic regeneration
rElec   .          Harm     .    f - ring of willpower
rCorr   .          Rampage  .    (no ring)
Will    +....                    (no ring)
Stlth   ++++......               (no ring)
HPRegen 0.16/turn                (no ring)
MPRegen 0.54/turn                (no ring)
                                 (no ring)
                                 (no ring)

@: lethally poisoned (-15 -> -30)
A: almost no armour, amphibious, 8 rings, camouflage 1, gelatinous body 1,
(nimble swimmer 1), tentacles
a: no special abilities


You were on level 5 of the Dungeon.
You visited 1 branch of the dungeon, and saw 5 of its levels.

You collected 305 gold pieces.

Inventory:

Hand Weapons
 c - a +0 short sword
 t - a +2 rapier (weapon)
Jewellery
 f - a ring of willpower (left tentacle)
 p - an amulet of magic regeneration (around mantle)
Wands
 s - a wand of charming (3)
Scrolls
 b - a scroll of enchant armour
 d - a scroll of immolation
 e - a scroll of noise {unknown}
 l - a scroll of silence
 m - a scroll of fear
 n - a scroll of vulnerability
 o - a scroll of teleportation
 r - a scroll of magic mapping {unknown}
Potions
 a - 2 potions of magic
 g - 2 potions of flight {unknown}
 h - a potion of lignification
 i - a potion of berserk rage {unknown}
 j - 2 potions of resistance {unknown}
 k - a potion of curing {unknown}
 q - 2 potions of heal wounds


   Skills:
 + Level 1.3 Fighting
 + Level 1.8 Short Blades
 + Level 3.5 Dodging
 + Level 5.1 Stealth
 + Level 5.1 Spellcasting
 + Level 4.2 Conjurations
 * Level 0.1 Summonings
 + Level 6.3 Fire Magic


You had 3 spell levels left.
You knew the following spells:

 Your Spells              Type           Power      Damage    Failure   Level
a - Foxfire               Conj/Fire      96%        2x1d8     1%          1
b - Conjure Flame         Conj/Fire      24%        6-21      4%          3
c - Inner Flame           Hex/Fire       16%        N/A       10%         3
d - Flame Wave            Conj/Fire      24%        2d8       14%         4
e - Scorch                Fire           58%        2d8       1%          2
f - Summon Small Mammal   Summ           20%        N/A       12%         1

Your spell library contained the following spells:

 Spells                   Type           Power      Damage    Failure   Level
 Static Discharge         Conj/Air       24%        3-5/arc   8%          2
 Apportation              Tloc           8%         N/A       12%         1
 Necrotise                Necr           16%        1d4       12%         1
 Sticky Flame             Conj/Fire      24%        2d5       14%         4
 Dispel Undead            Necr           4%         3d7       77%         4


Dungeon Overview and Level Annotations

Branches:
Dungeon (5/15)
 Temple: D:4-7

Altars:
Ashenzari
Wu Jian


Innate Abilities, Weirdness & Mutations

You cannot wear most types of armour.
You are amphibious.
You can wear up to eight rings at the same time.
Your skin changes colour to match your surroundings (Stealth+).
Your rubbery body absorbs attacks. (AC +1, EV +1)
((You are camouflaged when in or above water. (Stealth+)))
You have tentacles for arms and can constrict up to eight enemies at once.


Message History

The kobold brigand hits your kobold brigand with a +0 whip.
Flame seeps out of your kobold brigand.
The kobold brigand barely misses your kobold brigand.
Unknown command.
Unknown command.
Unknown command.
The kobold brigand attacks as you move away!
The kobold brigand hits you with a +0 dagger.
You feel sick.
The kobold brigand misses your kobold brigand.
The kobold throws a stone.
The stone hits your kobold brigand. Flame seeps out of your kobold brigand.
Your kobold brigand is engulfed in blazing flames.
Flame seeps out of your kobold brigand.
Unknown command.
The kobold brigand attacks as you move away!
The kobold brigand hits you with a +0 dagger.
You feel sick.
The kobold brigand throws a poisoned dart.
The poisoned dart hits you!
You are more poisoned.
Unknown command.
Unknown command.
Unknown command.
The kobold brigand attacks as you move away!
The kobold brigand closely misses you.
You feel sick.
The kobold brigand throws a poisoned dart.
The poisoned dart barely misses your kobold brigand.
The poisoned dart hits you!
You are more poisoned.
The kobold brigand throws a curare-tipped dart.
The curare-tipped dart hits your kobold brigand.
Your kobold brigand is poisoned.
Your kobold brigand convulses.
Flame seeps out of your kobold brigand.
Your kobold brigand seems to slow down.
Your kobold brigand is engulfed in blazing flames.
Your kobold brigand explodes!
The fiery explosion engulfs you!!!
Ouch! That really hurt!
You die...

#.# #######.# #.# #(......#
#### #.# #.>.....# ...# #.#
#.......####### ...#####.##
#.........†....
..........####......########
########..............#
########..##...# # ##@§....#
... ##○.....#
.....##§§K....###
......K.........##
...:KKK.........>#
......'..........#
.....##.###......# ....# ###
######.# #### ###########.#


You could see 4 kobold brigands.

Vanquished Creatures
  Pikel (D:4)
  Sigmund (D:2)
  Eustachio (D:4)
  3 lemures (D:4)
  A kobold brigand (D:5)
  2 scorpions (D:4)
  A hound (D:4)
  A jelly (D:4)
  Crazy Yiuf (D:4)
  4 orc priests
  Natasha (thrice) (D:2)
  9 adders
  An ufetubus (D:4)
  2 worms
  12 dart slugs
  10 orcs
  4 ball pythons
  3 endoplasms
  2 giant cockroaches
  5 goblins
  8 hobgoblins
  5 jackals
  9 kobolds
  7 quokkas
  5 bats
  12 frilled lizards
  5 rats
118 creatures vanquished.

Vanquished Creatures (collateral kills)
  A foxfire (D:1)
1 creature vanquished.

Vanquished Creatures (others)
  454 foxfires
  4 plants (D:1)
  6 toadstools (D:5)
464 creatures vanquished.

Grand Total: 583 creatures vanquished

Notes
Turn   | Place    | Note
-------+----------+-------------------------------------------
     0 | D:1      | Conn the Octopode Fire Elementalist began the quest for the
                  | Orb.
     0 | D:1      | Reached XP level 1. HP: 11/11 MP: 3/3
   272 | D:1      | Found a faded altar of an unknown god.
   277 | D:1      | Reached XP level 2. HP: 17/17 MP: 0/5
   917 | D:1      | Reached XP level 3. HP: 21/21 MP: 0/6
  1041 | D:2      | Noticed Sigmund
  1124 | D:1      | Learned a level 2 spell: Scorch
  1128 | D:1      | Learned a level 3 spell: Conjure Flame
  1450 | D:2      | Killed Sigmund
  1451 | D:2      | Reached skill level 1 in Fighting
  1451 | D:2      | Reached skill level 1 in Short Blades
  1451 | D:2      | Reached skill level 4 in Fire Magic
  1451 | D:2      | Reached XP level 4. HP: 28/28 MP: 0/8
  1451 | D:2      | Reached XP level 5. HP: 33/33 MP: 0/9
  1820 | D:2      | Noticed Natasha
  1824 | D:2      | Killed Natasha
  1825 | D:2      | Reached XP level 6. HP: 38/38 MP: 6/10
  1827 | D:2      | Noticed Natasha
  1831 | D:2      | Killed Natasha
  1928 | D:2      | Noticed Natasha
  1932 | D:2      | Killed Natasha
  3157 | D:4      | Reached XP level 7. HP: 35/43 MP: 4/12
  3196 | D:4      | Noticed Eustachio
  3212 | D:4      | Killed Eustachio
  3265 | D:4      | Noticed Pikel
  3343 | D:4      | Reached skill level 5 in Fire Magic
  3545 | D:4      | Killed Pikel
  3546 | D:4      | Reached skill level 5 in Spellcasting
  3546 | D:4      | Reached XP level 8. HP: 44/48 MP: 4/15
  3592 | D:4      | Reached skill level 6 in Fire Magic
  3630 | D:4      | Found an ornate altar of the Wu Jian Council.
  3656 | D:4      | Found a runed translucent door.
  3657 | D:4      | Noticed Crazy Yiuf
  3669 | D:4      | Killed Crazy Yiuf
  4175 | D:5      | Entered Level 5 of the Dungeon
  4197 | D:5      | Learned a level 4 spell: Flame Wave
  4201 | D:5      | Learned a level 3 spell: Inner Flame
  4203 | D:5      | Learned a level 1 spell: Summon Small Mammal
  4507 | D:5      | Reached skill level 5 in Stealth
  4529 | D:5      | Found a broken altar of Ashenzari.
  4533 | D:5      | Saw a vision of the Swamp and the Spider Nest.
  4533 | D:5      | Noticed a spriggan rider
  4533 | D:5      | Noticed a bog body
  4533 | D:5      | Noticed a tarantella
  4533 | D:5      | Noticed a jorogumo
  4533 | D:5      | Noticed a jumping spider
  4533 | D:5      | Noticed a culicivora
  4533 | D:5      | Noticed a goliath frog
  4533 | D:5      | Noticed a goliath frog
  4536 | D:5      | Noticed a tarantella
  4537 | D:5      | Noticed a jumping spider
  4786 | D:5      | Killed by an exploding kobold brigand... ignited by their
                  | inner flame

Illustrated notes

Levels and vault maps discovered:
D:1:      minmay_arrival_four_circles, layout_basic,
          hellmonk_ecumenical_altar_blasted, minmay_lizard_king
D:2:      layout_rooms, uniq_natasha, uniq_sigmund
D:3:      minmay_angry_zag, layout_basic, nicolae_overflow_hidden_temple,
          chequers_serial_rivers_micro_a
D:4:      kennysheep_slugbush, layout_basic, overflow_temple_1_default,
          uniq_pikel, uniq_crazy_yiuf_cottage, uniq_eustachio
D:5:      cheibrodos_fertilizer, layout_basic, grunt_ashenzari_visionary
          [grunt_ashenzari_visionary_swamp, grunt_ashenzari_visionary_spider],
          uniq_duvessa

Skill      XL: |  1  2  3  4  5  6  7  8 |
---------------+-------------------------+-----
Stealth        | 3 4 5 |  5.1
Fighting       | 1 |  1.3
Short Blades   | 1 |  1.8
Spellcasting   | 3 5 |  5.1
Fire Magic     | 4 5 6 |  6.3
Dodging        | 3 |  3.5
Conjurations   | 2 3 4 |  4.2
Summonings     | |  0.1

Action                   |  1- 3 |  4- 6 |  7- 9 || total
-------------------------+-------+-------+-------++-------
Melee: Short sword       |    24 |    25 |     5 ||    54
       Tentacles         |     8 |     4 |     1 ||    13
       Constrict         |     8 |     4 |     2 ||    14
       Unarmed           |     1 |       |       ||     1
       Punch             |       |     1 |       ||     1
       Rapier            |       |       |     1 ||     1
 Cast: Foxfire           |    36 |    91 |   133 ||   260
       Scorch            |     3 |     4 |    18 ||    25
       Conjure Flame     |       |       |     1 ||     1
       Flame Wave        |       |       |     1 ||     1
Evoke: Wand              |       |       |     3 ||     3
  Use: Potion            |     3 |       |     1 ||     4
       Scroll            |       |       |     8 ||     8
 Stab: Sleeping          |     4 |     4 |     1 ||     9
Armor: Skin              |     3 |    12 |     1 ||    16
Dodge: Dodged            |    36 |    18 |    13 ||    67

Table legend: (Time is in decaauts)
 A = Elapsed time spent in this place.
 B = Non-inter-level travel time spent in this place.
 C = Inter-level travel time spent in this place.
 D = Time resting spent in this place.
 E = Time spent auto-exploring this place.
 F = Levels seen in this place.
 G = Mean time per level.
                   A        B        C        D        E       F      G
               +--------+--------+--------+--------+--------+-----+--------+
         Total |   4787 |   4713 |     74 |      0 |   3601 |   5 |  957.4 |
       Dungeon |   4787 |   4713 |     74 |      0 |   3601 |   5 |  957.4 |
               +--------+--------+--------+--------+--------+-----+--------+

Top non-repeatable levels by time:
     D:1: 1200 daAuts
     D:3: 1133 daAuts
     D:4: 1028 daAuts
     D:2: 815 daAuts
     D:5: 610 daAuts
